 Dungeon Sprint DCSS version 0.31.0-12-g77e489cdc1 (webtiles) character file.

Game seed: 11344331709998377306

8287 CougarLife the Warrior (level 11, -4/114 HPs)
             Began as a Minotaur Fighter on Feb 27, 2024.
             Was the Champion of Qazlal.
             Slain by an emperor scorpion (6 damage)
             ... summoned by a royal mummy
             ... in the Dungeon (Sprint V: "Ziggurat Sprint").
             The game lasted 00:06:30 (497 turns).

CougarLife the Warrior (Minotaur Fighter)            Turns: 497, Time: 00:06:30

Health: -4/114     AC: 37    Str: 38    XL:     11   Next: 7%
Magic:  19/19      EV:  3    Int:  9    God:    Qazlal [******]
Gold:   0          SH: 38    Dex: 10    Spells: 10/10 levels left

rFire   + . .        C - +16 obsidian axe {drain, demonic, Mesm ^Drain Fly SInv}
rCold   . . .        E - +18 shield of the Gong {Loud rN+ Will+ rCorr EV-5}
rNeg    + . .        D - +15 Maxwell's patent armour {-Cast -Tele rElec Will+ rCorr}
rPois   .            (helmet restricted)
rElec   +            v - +2 cloak {Stlth+}
rCorr   +            (no gloves)
SInv    +            (no boots)
Will    ++...        x - amulet "Xaohariv" {Acrobat rF+ Regen+ Str+5} Stlth
                     A - +6 ring of strength
HPRegen 1.19/turn    B - +6 ring of strength
MPRegen 0.16/turn

%: no teleportation, no spellcasting, repel missiles, acrobat
@: lethally poisoned (-4 -> -56), protected from physical damage, flying,
mesmerised, slowed, studying Armour, very slow
A: horns 2, retaliatory headbutt, screaming 1
a: Renounce Religion, Upheaval, Elemental Force, Disaster Area


You were in the Dungeon.
You worshipped Qazlal.
Qazlal was exalted by your worship.
You visited 1 branch

Inventory:

Hand Weapons
 C - the +16 obsidian axe (weapon) {drain, demonic, Mesm ^Drain Fly SInv}
   (You found it in the Dungeon)

   Mesm:      Its wielder is mesmerised by any visible foes, and it cannot be
   unequipped while any foes are visible.
   SInv:      It lets you see invisible.
   Fly:       It grants you flight.
   ^Drain:    It drains your maximum health when unequipped.
Armour
 k - a +5 crystal plate armour
 v - a +2 cloak of stealth (worn)
 D - the +15 Maxwell's patent armour (worn) {-Cast -Tele rElec Will+ rCorr}
   (You found it in the Dungeon)

   rElec:     It insulates you from electricity.
   Will+:     It increases your willpower.
   -Cast:     It prevents spellcasting.
   -Tele:     It prevents most forms of teleportation.
   rCorr:     It protects you from acid and corrosion.
 E - the +18 shield of the Gong (worn) {Loud rN+ Will+ rCorr EV-5}
   (You found it in the Dungeon)

   Loud:      It is deafeningly noisy when blocking attacks.
   EV-5:      It affects your evasion (-5).
   rN+:       It protects you from negative energy.
   Will+:     It increases your willpower.
   rCorr:     It protects you from acid and corrosion.
Jewellery
 o - a ring of protection from fire
 w - a ring of the Octopus King {rN+ HP+2 AC+2 EV+2 SH+2}
   (You found it in the Dungeon)

   [ring of positive energy]

   AC+2:      It affects your AC (+2).
   EV+2:      It affects your evasion (+2).
   rN+:       It protects you from negative energy.
   HP+2:      It affects your health (+2).
   SH+2:      It affects your SH (+2).
 x - the amulet "Xaohariv" (around neck) {Acrobat rF+ Regen+ Str+5}
   (You found it in the Dungeon)

   [amulet of the acrobat]

   Acrobat:   It increases your evasion while moving and waiting.
   Str+5:     It affects your strength (+5).
   rF+:       It protects you from fire.
   Regen+:    It increases your rate of health regeneration.
 A - a +6 ring of strength (left hand)
 B - a +6 ring of strength (right hand)
 H - a ring of resist corrosion
 I - a ring of positive energy
Wands
 t - a wand of mindburst (28)
 u - a wand of light (7)
 F - a wand of roots (11)
 G - a wand of flame (20)
 J - a wand of digging (4)
Scrolls
 a - a scroll of brand weapon
 j - 4 scrolls of blinking
 p - 4 scrolls of amnesia
 q - 7 scrolls of fog
 r - 5 scrolls of identify
 s - 2 scrolls of fear
Potions
 d - 6 potions of might
 e - 10 potions of curing
 f - 7 potions of heal wounds
 g - 6 potions of haste
 h - 7 potions of magic
 i - 3 potions of berserk rage
 l - 2 potions of brilliance
 m - 2 potions of invisibility
 n - 4 potions of resistance
Miscellaneous
 b - a phial of floods
 c - a sack of spiders


   Skills:
 + Level 16.0 Fighting
 + Level 15.7 Axes
 + Level 13.2 Armour
 + Level 13.2 Shields
 + Level 13.2 Invocations


You had 10 spell levels left.
You didn't know any spells.
Your spell library contained the following spells:

 Spells                   Type           Power      Damage    Failure   Level
 Necrotise                Necr           0%         1d4       93%         1
 Cigotuvi's Dreadful Rot  Necr/Alch/Air  0%         N/A       98%         2
 Vampiric Draining        Necr           0%         2d6       100%        3
 Animate Dead             Necr           0%         N/A       100%        4
 Dispel Undead            Necr           0%         3d6       100%        4
 Manifold Assault         Tloc           0%         N/A       100%        4
 Martyr's Knell           Necr/Summ      0%         N/A       100%        4
 Borgnjor's Vile Clutch   Necr/Erth      0%         N/A       100%        5
 Curse of Agony           Necr           0%         N/A       100%        5
 Death Channel            Necr           0%         N/A       100%        6
 Dispersal                Tloc           0%         N/A       100%        6
 Disjunction              Tloc           0%         N/A       100%        8


Dungeon Overview and Level Annotations

Branches:
Dungeon (1/1)

Altars:
Ashenzari
Cheibriados
Dithmenos
Elyvilon
Fedhas
Gozag
Hepliaklqana
Kikubaaqudgha
Makhleb
Nemelex Xobeh
Okawaru
Qazlal
Ru
Sif Muna
Trog
Uskayaw
Vehumet
Wu Jian
Xom
Yredelemnul
Zin
The Shining One
Jiyva
Lugonu

Annotations:
D 1 transporter


Innate Abilities, Weirdness & Mutations

You have a pair of horns on your head.
You reflexively headbutt those who attack you in melee.
You occasionally shout uncontrollably at your foes.


Message History

You feel much better.
Visions of slaying the royal mummy flood into your mind.
* * * LOW HITPOINT WARNING * * *
You feel extremely sick.
The death scarab is engulfed in freezing vapours.
You block the death scarab's attack.
GONNNNG!
The death scarab barely misses you.
The death scarab is engulfed in freezing vapours.
You block the death scarab's attack.
GONNNNG!
You block the death scarab's attack.
PTOANNNG!
The death scarab is engulfed in freezing vapours.
The emperor scorpion stings you but does no damage.
The emperor scorpion claws you but does no damage. x2
The death scarab bites you but does no damage.
The emperor scorpion stings you!
* * * LOW HITPOINT WARNING * * *
You are more poisoned.
The emperor scorpion poisons you!
The emperor scorpion claws you but does no damage. x2
The death scarab is engulfed in freezing vapours.
The death scarab bites you.
* * * LOW HITPOINT WARNING * * *
The death scarab draws strength from your injuries!
Your red devil hits the royal mummy from afar with a +1 demon trident of electrocution!!
The royal mummy is skewered by barbed spikes.
The freezing wraith is engulfed in seething chaos.
The freezing wraith seems to slow down.
The royal mummy is engulfed in a thunderstorm.
The royal mummy gestures wildly while chanting.
The emperor scorpion is engulfed in freezing vapours.
The emperor scorpion stings you but does no damage.
The emperor scorpion claws you.
* * * LOW HITPOINT WARNING * * *
The emperor scorpion claws you but does no damage.
The mummy hits your red devil but does no damage.
The emperor scorpion stings you.
You die...

▓▓▓▓▓▓▓▓▓▓▓▓▓▓▓▓▓▓▓
▓...8©8...▓...8©8...▓
▓...[.//..▓..|."==..▓
▓..)||:/..▓...[)))..▓
▓....Z....▓.........▓
▓..BBMMB..▓......)..▓
▓.MMBMsB..▓...)))...▓
▓..BBMsM..▓...).)...▓
▓.BMB@sWz.▓.▓.....▓.▓
▓..B4Bs☼..▓....©....▓
▓....W§○..▓▓▓▓▓▓▓▓▓▓▓
▓▓▓▓▓▓▓▓▓▓▓


You could see 2 royal mummies, 4 emperor scorpions, a mummy priest, a guardian
mummy, a freezing wraith (summoned, slow), a spectral adder (summoned), a wraith
(summoned), 11 death scarabs, 4 mummies, a wight (summoned) and a friendly red
devil (summoned).

Vanquished Creatures
  A mummy priest (D)
  A large abomination (D)
  A deep elf archer (D)
  A cyclops (D)
  A shining eye (D)
  2 cane toads (D)
  2 yaktaurs (D)
  A guardian mummy (D)
  3 slime creatures (D)
  A wyvern (D)
  A yak (D)
  A water moccasin (D)
  3 orc warriors (D)
  A wolf (D)
  4 centaurs (D)
  2 bullfrogs (D)
  A crimson imp (D)
  A quasit (D)
  2 orc priests (D)
  A jelly (D)
  2 iguanas (D)
  2 orc wizards (D)
  A mummy (D)
  An adder (D)
  A river rat (D)
  2 orcs (D)
  An endoplasm (D)
  2 quokka skeletons (D)
43 creatures vanquished.

Vanquished Creatures (collateral kills)
  A dancing weapon (D)
  2 deep elf archers (D)
  A deep elf pyromancer (D)
  2 guardian mummies (D)
  A yak (D)
  An earth elemental (D)
  A crimson imp (D)
  An iguana (D)
  A mummy (D)
  A shadow imp (D)
12 creatures vanquished.

Vanquished Creatures (others)
  A deep elf knight (D)
1 creature vanquished.

Grand Total: 56 creatures vanquished

Notes
Turn   | Place    | Note
-------+----------+-------------------------------------------
     0 | D        | CougarLife the Minotaur Fighter began the quest for the
                  | Orb.
     0 | D        | Reached XP level 1. HP: 19/19 MP: 0/0
     3 | D        | Found a blossoming altar of Fedhas.
     3 | D        | Found the +6 Majin-Bo {spellvamp, MP+6 Int+6}
     3 | D        | Found the +27 heavy crossbow "Sniper" {heavy, Acc+∞ SInv}
     3 | D        | Found the +10 dark maul {heavy}
     3 | D        | Found the +15 Maxwell's patent armour {-Cast -Tele rElec
                  | Will+ rCorr}
     3 | D        | Found the +18 shield of the Gong {Loud rN+ Will+ rCorr
                  | EV-5}
     3 | D        | Found the +16 obsidian axe {drain, demonic, Mesm ^Drain Fly
                  | SInv}
     3 | D        | Found the +7 great mace "Firestarter" {flame, immolate,
                  | rFlCloud rF++}
     3 | D        | Found the +6 shillelagh "Devastator" {shatter}
     3 | D        | Found the +11 plutonium sword {^Contam Stlth-}
     3 | D        | Found the +8 lance "Wyrmbane" {slay drac, rPois rF+ rC+
                  | AC+3}
     3 | D        | Found the +9 sword of Zonguldrok {reap}
     3 | D        | Found the +13 scythe of Curses {drain, curses, ^Drain}
     3 | D        | Found the +9 sword of Power {lifebolt}
     3 | D        | Found the +7 mace of Variability {chaos, chaos arc}
     3 | D        | Found the +11 Singing Sword {sonic wave}
     3 | D        | Found the +8 storm bow {elec, penet}
     8 | D        | Found a shimmering blue altar of Sif Muna.
     8 | D        | Found a sacrificial altar of Ru.
     8 | D        | Found a bloodstained altar of Trog.
     8 | D        | Found a stormy altar of Qazlal.
     8 | D        | Found an iron altar of Okawaru.
     8 | D        | Found a sparkling altar of Nemelex Xobeh.
    10 | D        | Found a transporter.
    10 | D        | Found an ancient bone altar of Kikubaaqudgha.
    10 | D        | Found a viscous altar of Jiyva.
    10 | D        | Found a corrupted altar of Lugonu.
    10 | D        | Found a hazy altar of Hepliaklqana.
    10 | D        | Found a burning altar of Makhleb.
    10 | D        | Found an opulent altar of Gozag.
    49 | D        | Became a worshipper of Qazlal Stormbringer
    79 | D        | Reached skill level 6 in Fighting
    79 | D        | Reached skill level 5 in Axes
    79 | D        | Reached XP level 2. HP: 30/30 MP: 0/4
   126 | D        | Entered arena 2.
   126 | D        | Noticed a water moccasin
   126 | D        | Found a transporter.
   129 | D        | Killed a water moccasin
   130 | D        | Reached skill level 8 in Fighting
   130 | D        | Reached skill level 5 in Invocations
   130 | D        | Reached XP level 3. HP: 37/40 MP: 6/6
   130 | D        | Reached XP level 4. HP: 44/48 MP: 7/7
   130 | D        | Noticed a ynoxinul
   143 | D        | Entered arena 3.
   143 | D        | Found the sphere of Battle
   143 | D        | Noticed a deep elf archer
   143 | D        | Noticed a deep elf pyromancer
   143 | D        | Noticed a +3 mace of protection
   143 | D        | Found a transporter.
   146 | D        | Killed a +3 mace of protection
   146 | D        | Reached * piety under Qazlal
   147 | D        | Reached skill level 10 in Fighting
   147 | D        | Reached XP level 5. HP: 56/58 MP: 7/9
   147 | D        | Reached XP level 6. HP: 64/66 MP: 7/10
   149 | D        | Killed a deep elf archer
   150 | D        | Reached skill level 11 in Fighting
   150 | D        | Reached XP level 7. HP: 73/74 MP: 7/12
   150 | D        | Killed a deep elf pyromancer
   151 | D        | Reached skill level 12 in Fighting
   151 | D        | Reached XP level 8. HP: 82/83 MP: 7/14
   182 | D        | Entered arena 4.
   182 | D        | Noticed a deep elf knight
   182 | D        | Noticed a deep elf archer
   182 | D        | Noticed a deep elf archer
   182 | D        | Found a transporter.
   184 | D        | Killed a deep elf archer
   184 | D        | Reached ** piety under Qazlal
   185 | D        | Reached skill level 10 in Invocations
   186 | D        | Killed a deep elf knight
   187 | D        | Reached skill level 13 in Fighting
   187 | D        | Reached XP level 9. HP: 81/93 MP: 12/15
   193 | D        | Killed a deep elf archer
   220 | D        | Entered arena 5.
   220 | D        | Found a transporter.
   221 | D        | Reached *** piety under Qazlal
   222 | D        | Reached skill level 10 in Armour
   224 | D        | Reached skill level 10 in Shields
   232 | D        | Entered arena 6.
   232 | D        | Found the ring of the Octopus King {rN+ HP+2 AC+2 EV+2
                  | SH+2}
   232 | D        | Noticed a large abomination
   232 | D        | Found a transporter.
   234 | D        | Reached **** piety under Qazlal
   236 | D        | Killed a large abomination
   237 | D        | Reached skill level 14 in Fighting
   243 | D        | Got a ring of the Octopus King {rN+ HP+2 AC+2 EV+2 SH+2}
   255 | D        | Entered arena 7.
   255 | D        | Noticed a guardian mummy
   255 | D        | Noticed a mummy priest
   255 | D        | Noticed a guardian mummy
   255 | D        | Noticed a guardian mummy
   257 | D        | Found a transporter.
   259 | D        | Killed a guardian mummy
   259 | D        | Reached ***** piety under Qazlal
   261 | D        | Killed a guardian mummy
   262 | D        | Killed a guardian mummy
   263 | D        | Reached XP level 10. HP: 76/104 MP: 17/17
   263 | D        | Noticed a rust devil
   263 | D        | Noticed a sixfirhy
   264 | D        | Killed a mummy priest
   340 | D        | Entered arena 8.
   340 | D        | Noticed a shining eye
   341 | D        | Found a transporter.
   344 | D        | Gained mutation: You occasionally shout uncontrollably at
                  | your foes. [a shining eye]
   346 | D        | Killed a shining eye
   346 | D        | Reached ****** piety under Qazlal
   347 | D        | Reached skill level 15 in Fighting
   355 | D        | Got the amulet "Xaohariv" {Acrobat rF+ Regen+ Str+5}
   371 | D        | Entered arena 9.
   371 | D        | Noticed a cyclops
   372 | D        | Found a transporter.
   379 | D        | Killed a cyclops
   380 | D        | Reached skill level 15 in Axes
   421 | D        | Entered arena 10.
   421 | D        | Noticed a cane toad
   421 | D        | Noticed a cane toad
   422 | D        | Found a transporter.
   425 | D        | Killed a cane toad
   426 | D        | Killed a cane toad
   429 | D        | Reached XP level 11. HP: 114/114 MP: 19/19
   449 | D        | Entered arena 11.
   450 | D        | Found a transporter.
   456 | D        | Reached skill level 16 in Fighting
   479 | D        | Got the amulet "Oquf" {Acrobat +Blink Str-5 Dex+3}
   487 | D        | Entered arena 12.
   487 | D        | Noticed a death scarab
   487 | D        | Noticed a mummy priest
   487 | D        | Noticed a royal mummy
   488 | D        | Identified the ring of the Present {rCorr Dex+7}
   488 | D        | Noticed a royal mummy
   488 | D        | Identified the ring of Kohittei {Dex+3 SInv}
   489 | D        | Noticed an emperor scorpion
   489 | D        | Noticed an emperor scorpion
   489 | D        | Noticed an emperor scorpion
   489 | D        | Noticed a death scarab
   489 | D        | Noticed an emperor scorpion
   490 | D        | Noticed an emperor scorpion
   490 | D        | Found a transporter.
   491 | D        | Noticed a death scarab
   494 | D        | Noticed a death scarab
   494 | D        | Noticed a death scarab
   494 | D        | Noticed a death scarab
   494 | D        | Noticed a death scarab
   497 | D        | Noticed a death scarab
   497 | D        | Noticed a death scarab
   497 | D        | Noticed a death scarab
   497 | D        | HP: 4/114 [death scarab[a royal mummy] (3)]
   497 | D        | Slain by an emperor scorpion

Illustrated notes

Levels and vault maps discovered:
D:        sprint_v [room_start, room_1, room_2, room_3, room_4, room_5, room_6,
          room_7, room_8, room_9, room_10, room_11, room_12, room_13, room_14,
          room_15, room_16, room_17, room_18, room_19, room_20, room_21,
          room_22, room_23, room_24, room_25, room_26, room_27]

Skill      XL: |  1  2  3  4  5  6  7  8  9 10 11 |
---------------+----------------------------------+-----
Fighting       | 6 8 10 11 12 13 14 15 16 | 16.0
Axes           | 5 7 9 11 12 14 15 | 15.7
Invocations    | 4 5 7 9 10 11 13 | 13.2
Armour         | 6 7 9 11 13 | 13.2
Shields        | 6 7 9 11 13 | 13.2

Action                     |  1- 3 |  4- 6 |  7- 9 | 10-12 || total
---------------------------+-------+-------+-------+-------++-------
  Melee: Broad axe         |     2 |     5 |    15 |    40 ||    62
         Headbutt          |     1 |       |     4 |    11 ||    16
    Use: Potion            |     1 |     1 |     1 |     1 ||     4
 Armour: Plate armour      |     2 |     2 |     3 |    72 ||    79
  Dodge: Dodged            |       |       |       |     8 ||     8
  Block: Kite shield       |     6 |     5 |    10 |    78 ||    99
